 Dungeon Crawl Stone Soup version 0.27.0-1-g7a089689b8 (webtiles) character file.

Game seed: 15012004877336145396

761 shoop the Cutter (level 8, -3/46 HPs)
             Began as a Kobold Delver on Aug 9, 2021.
             Slain by a gnoll (15 damage)
             ... on level 5 of the Dungeon.
             The game lasted 00:08:15 (5096 turns).

shoop the Cutter (Kobold Delver)                    Turns: 5096, Time: 00:08:15

Health: -3/46      AC:  3    Str: 16    XL:     8   Next: 8%
Magic:  8/8        EV: 15    Int: 12    God:
Gold:   83         SH:  0    Dex: 20    Spells: 7/7 levels left

rFire    . . .     SeeInvis .   v - +12 mace of the Shallot {flame, Dex+3}
rCold    . . .     Faith    .   (shield restricted)
rNeg     . . .     Spirit   .   b - +0 leather armour
rPois    .         Reflect  .   (no helmet)
rElec    .         Harm     .   (no cloak)
rCorr    .         Rampage  .   (no gloves)
Will     +....                  (no boots)
Stlth    ++++......             (no amulet)
HPRegen  0.15/turn              m - +6 ring of strength
MPRegen  0.11/turn              t - ring of willpower

@: no status effects
A: small, no large weapons, nightstalker 3
a: no special abilities


You were on level 5 of the Dungeon.
You visited 1 branch of the dungeon, and saw 5 of its levels.

You collected 173 gold pieces.
You spent 90 gold pieces at shops.

Inventory:

Hand Weapons
 a - a +0 short sword
 e - a +0 dagger of flaming
 v - the +12 mace of the Shallot (weapon) {flame, Dex+3}
   (You found it on level 4 of the Dungeon)

   It burns those it strikes, dealing additional fire damage.
   Dex:       It affects your dexterity (+3).
 w - a +0 rapier of draining
Missiles
 q - 5 poisoned darts (quivered)
Armour
 b - a +0 leather armour (worn)
Jewellery
 m - a +6 ring of strength (left hand)
 t - a ring of willpower (right hand)
Wands
 g - a wand of digging (3)
 l - a wand of flame (21)
Scrolls
 c - 2 scrolls of fog
 d - 2 scrolls of magic mapping
 h - a scroll of teleportation {unknown}
 k - 2 scrolls of enchant weapon {unknown}
 n - a scroll of vulnerability {unknown}
 p - 2 scrolls of immolation {unknown}
 u - a scroll of blinking {unknown}
 x - a scroll of identify {unknown}
Potions
 f - a potion of haste
 i - 2 potions of might
 j - 3 potions of cancellation {unknown}
 o - 2 potions of heal wounds
 r - a potion of brilliance {unknown}
 s - a potion of flight {unknown}
 z - a potion of curing {unknown}
 A - a potion of lignification {unknown}


   Skills:
 - Level 3.2 Fighting
 - Level 7.8 Short Blades
 + Level 4.8 Maces & Flails
 - Level 2.0 Throwing
 - Level 2.4 Dodging
 - Level 6.6 Stealth
 - Level 2.0 Evocations


You had 7 spell levels left.
You didn't know any spells.
Your spell library contained the following spells:

 Spells                   Type           Power      Damage    Failure   Level
 Sublimation of Blood     Necr           0%         N/A       52%         2
 Petrify                  Tmut/Erth      0%         N/A       99%         4
 Irradiate                Conj/Tmut      0%         3d14      100%        5


Dungeon Overview and Level Annotations

Branches:
Dungeon (5/15)
 Temple: D:4-7

Altars:
Cheibriados
Dithmenos
Nemelex Xobeh
Ru
Vehumet

Shops:
D:3 *


Innate Abilities, Weirdness & Mutations

You are small and have problems with some larger weapons.
You are completely attuned to the shadows.


Message History

A gnoll comes into view. It is wielding a +0 flail.
You sock the gnoll! You burn the gnoll.
The gnoll is severely wounded.
The gnoll hits you with a +0 whip.
An adder comes into view.
You bludgeon the gnoll!! You burn the gnoll.
You kill the gnoll!
The gnoll sergeant barely misses you.
A gnoll comes into view. It is wielding a +0 halberd.
The gnoll sergeant hits you from afar with a +0 trident.
You hit the gnoll. You burn the gnoll.
The gnoll is lightly wounded.
The gnoll hits you with a +0 flail. The gnoll sergeant barely misses you.
You hit the gnoll but do no damage.
The gnoll is lightly wounded.
The adder closely misses you. The gnoll hits you with a +0 flail.
The gnoll sergeant barely misses you.
You sock the gnoll! You burn the gnoll.
You kill the gnoll!
The adder bites you but does no damage.
A gnoll comes into view. It is wielding a +0 whip.
The gnoll sergeant misses you. The gnoll barely misses you.
The adder bites you but does no damage.
You sock the adder! You burn the adder.
You kill the adder!
The gnoll sergeant hits you from afar with a +0 trident!
The gnoll barely misses you. The gnoll sergeant misses you.
The gnoll hits you with a +0 halberd!
Things that are here:
a +0 whip; an adder corpse You are too injured to fight recklessly!
You sock the gnoll sergeant! You burn the gnoll sergeant.
The gnoll sergeant is heavily wounded.
The gnoll sergeant hits you with a +0 trident.
* * * LOW HITPOINT WARNING * * *
The gnoll barely misses you. x2
You hit the gnoll sergeant but do no damage.
The gnoll sergeant is heavily wounded.
The gnoll sergeant misses you. The gnoll hits you with a +0 halberd!
You die...

......#......#
.....
......#########
#####
####..)........
# #...........
# #...........
# #...........
.....#
#....##+####
#....#
#.gg.#....#
#....#
#)@g.#....#
#....# .
#....#....#
#....# ..
#....#....#
#....'
...#....#....#
#....#
........##'###
#....#
..######....(..
.....# >
#....... .....#
#....... ......
#....... ......


You could see a gnoll sergeant and 2 gnolls.

Vanquished Creatures
  Eustachio (D:4)
  An ogre (D:5)
  2 scorpions (D:4)
  A centaur zombie (D:4)
  A centaur skeleton (D:3)
  2 orc priests
  An iguana (D:3)
  2 orc wizards
  A hound skeleton (D:3)
  2 gnolls (D:5)
  8 adders
  A shadow imp (D:5)
  4 worms
  4 dart slugs
  9 orcs
  6 ball pythons
  3 bats (D:1)
  6 endoplasms
  3 giant cockroaches (D:1)
  10 goblins
  8 hobgoblins
  9 jackals
  6 quokkas
  5 frilled lizards
  4 kobolds
  7 rats
107 creatures vanquished.

Notes
Turn   | Place    | Note
-------+----------+-------------------------------------------
     0 | D:5      | shoop the Kobold Delver began the quest for the Orb.
     0 | D:5      | Reached XP level 1. HP: 14/14 MP: 1/1
    91 | D:4      | Reached skill level 3 in Short Blades
   243 | D:4      | Reached skill level 4 in Short Blades
   243 | D:4      | Reached XP level 2. HP: 11/19 MP: 2/2
   243 | D:4      | Reached XP level 3. HP: 14/23 MP: 3/3
   395 | D:4      | Found a sparkling altar of Nemelex Xobeh.
   584 | D:3      | Reached skill level 5 in Short Blades
   584 | D:3      | Reached XP level 4. HP: 17/28 MP: 4/4
   601 | D:3      | Found Fiuxzar's General Store.
  1027 | D:2      | Reached skill level 6 in Short Blades
  1226 | D:2      | Reached skill level 1 in Evocations
  1402 | D:1      | Reached XP level 5. HP: 32/32 MP: 5/5
  2654 | D:3      | Bought a potion of heal wounds for 50 gold pieces
  2654 | D:3      | Bought a potion of might for 40 gold pieces
  2957 | D:3      | Found a snail-covered altar of Cheibriados.
  2963 | D:3      | Reached skill level 1 in Throwing
  2977 | D:3      | Reached XP level 6. HP: 37/37 MP: 6/6
  2995 | D:3      | Reached skill level 7 in Short Blades
  3024 | D:3      | Found a shadowy altar of Dithmenos.
  3347 | D:3      | Found a faded altar of an unknown god.
  3683 | D:4      | Identified the +12 mace of the Shallot {flame, Dex+3}
  3690 | D:4      | Noticed Eustachio
  3894 | D:4      | Killed Eustachio
  3895 | D:4      | Reached XP level 7. HP: 21/41 MP: 7/7
  4245 | D:4      | Found a sacrificial altar of Ru.
  4547 | D:5      | Found a radiant altar of Vehumet.
  5033 | D:5      | Reached XP level 8. HP: 46/46 MP: 8/8
  5096 | D:5      | Slain by a gnoll

Illustrated notes

Levels and vault maps discovered:
D:1:      grunt_arrival_crossed_arrows, layout_loops_ring
D:2:      layout_basic
D:3:      layout_basic, nicolae_dithmenos_shadow_blocks, kennysheep_slug_shrine,
          serial_shops, nicolae_shop_statue_plus,
          hellmonk_ecumenical_altar_pennies_from_heaven,
          kennysheep_generic_room_14
D:4:      layout_basic, mainiacjoe_overflow_small_starburst, lemuel_tele_altar,
          uniq_eustachio
D:5:      layout_gridville, nicolae_vehumet_radiance

Skill      XL: |  1  2  3  4  5  6  7 |
---------------+----------------------+-----
Short Blades   | 4 5 6 7 |  7.8
Evocations     | 1 2 |  2.0
Throwing       | 1 2 |  2.0
Maces & Flails | 2 4 |  4.8
Fighting       | |  3.2
Dodging        | |  2.4
Stealth        | |  6.6

Action                   |  1- 3 |  4- 6 |  7- 9 || total
-------------------------+-------+-------+-------++-------
Melee: Short sword       |    26 |       |       ||    26
       Dagger            |       |   193 |       ||   193
       Mace              |       |    18 |    47 ||    65
Throw: Dart              |       |     4 |       ||     4
  Use: Scroll            |     1 |       |       ||     1
       Potion            |       |     2 |       ||     2
 Stab: Sleeping          |     4 |    36 |     5 ||    45
Armor: Leather armour    |     3 |    36 |     6 ||    45
Dodge: Dodged            |    14 |   106 |    46 ||   166
